[ PARTIDA AOE2 · #513604000 ]
UnrankedMongoles vs Aztecs
Equipo del jugador · VICT
Equipo rival · DERR
[ ANÁLISIS DE REPETICIÓN · EXTRAÍDO DE LA PARTIDA GRABADA ]
Feudal
13:08
Castillos
—
Imperial
—
| APM promedio | 72.0 |
| APM pico | 98 |
| eAPM promedio | 26.3 |
| Aldeanos / militares | 31 / 13 |
Foco
⚔️ 46.5% · 🌾 53.5%
Militia ×9 · Archer ×4
Feudal
—
Castillos
—
Imperial
—
| APM promedio | 57.2 |
| APM pico | 84 |
| eAPM promedio | 28.2 |
| Aldeanos / militares | 48 / 0 |
Foco
⚔️ 45.1% · 🌾 54.9%
Mapa de la partida
Recursos iniciales + cada clic de construcción. Líneas = muros · curvas = relieve. ◆ oro · ⬟ piedra · ● bayas · ✦ reliquia · ◌ hueco del cierre
Tu base· Abierta — flanco sin cerrar
Base de xana· Abierta — flanco sin cerrar
Terreno inicial suavizado · ◌ = hueco del cierre detectado · pasá el cursor para detalles
Inputs por minuto
— RoR | kei - - xana
Build order — RoR | kei
83 acciones detectadas en el replay
| 0:01 | Encolar | Villager (Male) |
| 0:02 | Construir | House |
| 0:04 | Construir | House |
| 0:11 | Encolar | Villager (Male) |
| 0:11 | Encolar | Villager (Male) |
| 0:11 | Encolar | Villager (Male) |
| 1:24 | Encolar | Villager (Male) |
| 1:24 | Encolar | Villager (Male) |
| 1:59 | Construir | House |
| 2:07 | Encolar | Villager (Male) |
| 2:07 | Encolar | Villager (Male) |
| 2:21 | Encolar | Villager (Male) |
| 2:21 | Encolar | Villager (Male) |
| 2:51 | Encolar | Villager (Male) |
| 2:51 | Encolar | Villager (Male) |
| 3:13 | Construir | House |
| 3:34 | Encolar | Villager (Male) |
| 3:42 | Construir | Lumber Camp |
| 4:04 | Encolar | Villager (Male) |
| 4:24 | Encolar | Villager (Male) |
| 4:55 | Encolar | Villager (Male) |
| 5:17 | Encolar | Villager (Male) |
| 5:47 | Encolar | Villager (Male) |
| 6:12 | Investigar | Loom |
| 6:24 | Construir | Barracks |
| 6:48 | Encolar | Villager (Male) |
| 7:05 | Encolar | Villager (Male) |
| 7:08 | Encolar | Villager (Male) |
| 7:15 | Construir | Barracks |
| 7:18 | Construir | House |
| 7:59 | Investigar | Feudal Age |
| 8:05 | Encolar | Militia |
| 8:12 | Construir | Mining Camp |
| 8:26 | Encolar | Militia |
| 8:52 | Encolar | Militia |
| 9:11 | Construir | House |
| 9:34 | Encolar | Villager (Male) |
| 9:56 | Encolar | Militia |
| 10:07 | Construir | Town Center |
| 10:23 | Encolar | Militia |
| 10:53 | Encolar | Militia |
| 10:56 | Encolar | Villager (Male) |
| 10:58 | Investigar | Feudal Age |
| 11:03 | Construir | Palisade Wall |
| 11:26 | Encolar | Villager (Male) |
| 12:22 | Encolar | Militia |
| 12:29 | Encolar | Villager (Male) |
| 12:43 | Construir | Mill |
| 13:04 | Encolar | Militia |
| 13:08 | Edad | Edad Feudal |
| 13:11 | Investigar | Man-at-Arms (upgrade) |
| 13:23 | Encolar | Villager (Male) |
| 13:25 | Encolar | Villager (Male) |
| 13:54 | Encolar | Villager (Male) |
| 14:14 | Encolar | Militia |
| 14:39 | Construir | Archery Range |
| 14:44 | Construir | Farm |
| 14:44 | Construir | Farm |
| 14:44 | Construir | Farm |
| 14:45 | Construir | Farm |
| 14:45 | Construir | Farm |
| 14:45 | Construir | Farm |
| 14:46 | Construir | Farm |
| 14:46 | Construir | Farm |
| 14:49 | Construir | House |
| 15:05 | Construir | Palisade Wall |
| 15:07 | Construir | Palisade Wall |
| 15:09 | Construir | Palisade Wall |
| 15:29 | Encolar | Archer |
| 15:32 | Construir | House |
| 15:34 | Construir | Palisade Wall |
| 15:41 | Construir | Palisade Gate |
| 16:00 | Construir | Farm |
| 16:00 | Construir | Farm |
| 16:01 | Encolar | Archer |
| 16:02 | Encolar | Villager (Male) |
| 16:17 | Construir | Palisade Wall |
| 16:27 | Encolar | Archer |
| 16:30 | Encolar | Villager (Male) |
| 16:31 | Construir | Farm |
| 16:41 | Construir | Farm |
| 16:51 | Encolar | Villager (Male) |
| 17:08 | Encolar | Archer |
Build order — xana
83 acciones detectadas en el replay
| 0:01 | Encolar | Villager (Male) ×4 |
| 0:02 | Construir | House |
| 0:03 | Construir | House |
| 1:19 | Encolar | Villager (Male) |
| 1:49 | Encolar | Villager (Male) |
| 2:12 | Encolar | Villager (Male) |
| 2:31 | Encolar | Villager (Male) |
| 2:47 | Construir | Lumber Camp |
| 2:49 | Encolar | Villager (Male) |
| 3:06 | Encolar | Villager (Male) |
| 3:07 | Encolar | Villager (Male) |
| 3:18 | Encolar | Villager (Male) |
| 3:31 | Construir | House |
| 3:40 | Encolar | Villager (Male) |
| 3:58 | Encolar | Villager (Male) |
| 4:45 | Encolar | Villager (Male) |
| 4:54 | Encolar | Villager (Male) |
| 5:53 | Encolar | Villager (Male) |
| 6:07 | Construir | House |
| 6:27 | Construir | Town Center |
| 6:39 | Construir | Palisade Wall |
| 6:44 | Construir | Palisade Wall |
| 6:45 | Construir | Palisade Wall |
| 7:02 | Construir | Palisade Wall |
| 7:02 | Construir | Palisade Wall |
| 7:03 | Construir | Palisade Wall |
| 7:04 | Construir | Palisade Wall |
| 7:04 | Construir | Palisade Wall |
| 7:05 | Construir | Palisade Wall |
| 7:06 | Construir | Palisade Wall |
| 7:06 | Construir | Palisade Wall |
| 7:07 | Construir | Palisade Wall |
| 7:07 | Construir | Palisade Wall |
| 7:16 | Encolar | Villager (Male) |
| 7:31 | Construir | Palisade Wall |
| 7:35 | Construir | Palisade Wall |
| 7:52 | Construir | Palisade Wall |
| 7:56 | Encolar | Villager (Male) |
| 7:57 | Encolar | Villager (Male) |
| 8:31 | Encolar | Villager (Male) |
| 8:32 | Encolar | Villager (Male) |
| 9:09 | Encolar | Villager (Male) |
| 9:41 | Encolar | Villager (Male) |
| 9:41 | Encolar | Villager (Male) |
| 9:41 | Encolar | Villager (Male) |
| 10:03 | Construir | House |
| 10:15 | Encolar | Villager (Male) |
| 10:15 | Encolar | Villager (Male) |
| 10:38 | Encolar | Villager (Male) |
| 10:38 | Encolar | Villager (Male) |
| 10:38 | Encolar | Villager (Male) |
| 10:43 | Investigar | Loom |
| 10:56 | Encolar | Villager (Male) |
| 11:21 | Encolar | Villager (Male) |
| 11:21 | Encolar | Villager (Male) |
| 11:59 | Encolar | Villager (Male) |
| 12:01 | Encolar | Villager (Male) |
| 12:49 | Encolar | Villager (Male) |
| 13:07 | Construir | Mill |
| 13:10 | Encolar | Villager (Male) |
| 13:31 | Encolar | Villager (Male) |
| 13:44 | Encolar | Villager (Male) |
| 14:08 | Encolar | Villager (Male) |
| 14:09 | Encolar | Villager (Male) |
| 14:24 | Encolar | Villager (Male) |
| 14:31 | Encolar | Villager (Male) |
| 15:07 | Encolar | Villager (Male) |
| 15:50 | Encolar | Villager (Male) |
| 16:00 | Encolar | Villager (Male) |
| 16:22 | Encolar | Villager (Male) |
| 16:44 | Construir | Farm |
| 16:45 | Construir | Farm |
| 16:45 | Construir | Farm |
| 16:45 | Construir | Farm |
| 16:45 | Construir | Farm |
| 16:45 | Construir | Farm |
| 16:46 | Construir | Farm |
| 16:46 | Construir | Farm |
| 16:46 | Construir | Farm |
| 16:48 | Construir | Farm |
| 16:50 | Construir | Farm |
| 16:57 | Construir | Farm |
| 16:59 | Construir | Farm |
Cronología de la partida
| 6:24 | RoR | kei · first_building Barracks |
| 6:39 | xana · wall_segment Palisade Wall x1 |
| 6:44 | xana · wall_segment Palisade Wall x1 |
| 6:45 | xana · wall_segment Palisade Wall x1 |
| 7:02 | xana · wall_segment Palisade Wall x1 |
| 7:02 | xana · wall_segment Palisade Wall x1 |
| 7:03 | xana · wall_segment Palisade Wall x1 |
| 7:04 | xana · wall_segment Palisade Wall x1 |
| 7:04 | xana · wall_segment Palisade Wall x1 |
| 7:05 | xana · wall_segment Palisade Wall x1 |
| 7:06 | xana · wall_segment Palisade Wall x1 |
| 7:06 | xana · wall_segment Palisade Wall x1 |
| 7:07 | xana · wall_segment Palisade Wall x1 |
| 7:07 | xana · wall_segment Palisade Wall x1 |
| 7:31 | xana · wall_segment Palisade Wall x1 |
| 7:35 | xana · wall_segment Palisade Wall x5 |
| 7:52 | xana · wall_segment Palisade Wall x4 |
| 11:03 | RoR | kei · wall_segment Palisade Wall x1 |
| 13:08 | RoR | kei · age_up feudal |
| 14:39 | RoR | kei · first_building Archery Range |
| 15:05 | RoR | kei · wall_segment Palisade Wall x1 |
| 15:07 | RoR | kei · wall_segment Palisade Wall x1 |
| 15:09 | RoR | kei · wall_segment Palisade Wall x1 |
| 15:34 | RoR | kei · wall_segment Palisade Wall x1 |
| 16:17 | RoR | kei · wall_segment Palisade Wall x1 |
| 17:11 | xana · resign |
[ ANÁLISIS IA · 1 CRÉDITO ]
¿Qué pasó realmente en esta partida?
Wolo.gg analiza cada decisión: build order, eco, micro, errores típicos por bracket. Análisis personalizado por WhatsApp o Discord en 30 segundos.
Guía civ
Mongoles
Perfil
Jugador #1762409